AoeStats
← Setroc

Arena

509769051Analyzed
2v2 RM · 4d ago on Sep 28, 2026· 53m 9s· 4 players
Game mode
Random Map
Map size
Medium (4 player)
Population
200
Speed
Normal
Resources
Standard
Victory
Conquest
Starting age
Dark Age
Ending age
Imperial Age
RankedLock teamsTeams togetherTeam positionsShared explorationLock speedFull tech treeHidden civsTurbo modeCheats
Victory
Defeat
🇧🇷 Turks · Brazil
1036
+14
🇧🇷 Teutons · Brazil
1019
+14
🇨🇴 Persians · Colombia
997
-15
🇳🇿 Gurjaras · New Zealand
970
-13
ramadan.paro
7:36 Loom
9:49 Feudal Age
12:28 Double-Bit Axe
14:12 Loom
19:00 Castle Age
19:23 Stone Mining
19:16 Horse Collar
26:07 Bow Saw
28:04 Gold Mining
28:21 Heavy Plow
29:38 Squires
37:22 Imperial Age
39:40 Wheelbarrow
39:39 Crop Rotation
40:18 Two-Man Saw
41:13 Hoardings
42:13 Crenellations
43:35 Stone Shaft Mining
42:55 Onager
44:45 Elite Teutonic Knight
45:28 Scale Mail Armor
45:39 Forging
45:19 Fletching
46:49 Chemistry
46:00 Masonry
46:11 Ballistics
47:17 Bodkin Arrow
47:33 Forging
47:24 Scale Mail Armor
49:21 Hand Cart
50:56 Siege Engineers
51:03 Fortified Wall
51:12 Bloodlines
50:23 Cavalier
52:56 Scale Barding Armor
53:27 Iron Casting
53:08 Chain Mail Armor
53:43 Conscription
54:04 Chain Barding Armor
Lord Tiquira
9:11 Loom
11:57 Feudal Age
13:56 Double-Bit Axe
18:09 Castle Age
16:48 Padded Archer Armor
23:31 Imperial Age
22:46 Fervor
24:49 Bow Saw
42:11 Wheelbarrow
42:57 Horse Collar
46:44 Hand Cart
50:09 Redemption
50:20 Sanctity
51:10 Town Watch
51:42 Leather Archer Armor
Setroc
1:27 Loom
10:18 Feudal Age
17:52 Castle Age
15:31 Man-at-Arms
20:22 Horse Collar
20:50 Long Swordsman
24:10 Gambesons
24:26 Squires
26:51 Elite Skirmisher
28:33 Wheelbarrow
32:23 Fletching
33:34 Double-Bit Axe
37:20 Heavy Plow
37:32 Bow Saw
39:37 Hand Cart
44:04 Imperial Age
41:21 Town Watch
43:06 Husbandry
42:29 Light Cavalry
48:22 Conscription
50:28 Crop Rotation
50:59 Two-Man Saw
DonaldTrumpet
10:24 Feudal Age
11:06 Double-Bit Axe
14:23 Castle Age
12:34 Loom
15:13 Gold Mining
15:34 Bow Saw
29:12 Redemption
29:17 Fervor
29:28 Sanctity
30:19 Wheelbarrow
41:55 Imperial Age
41:19 Horse Collar
42:17 Scale Mail Armor
43:45 Conscription
44:46 Heavy Scorpion
47:19 Chemistry
48:47 Stone Mining
49:33 Gold Shaft Mining
50:09 Siege Elephant
51:47 Hand Cart
Connection lost

Rejoining the realm…

Still unreachable

The connection could not be restored.

Session expired

The server has moved on; the page needs a fresh start.